 Dungeon Crawl Stone Soup version 0.28-a0-631-g0446da8ef9 (webtiles) character file.

Game seed: 10722088165736683439

51 KristoblXynda the Slasher (level 3, 0/30 HPs)
             Began as a Draconian Gladiator on Oct 10, 2021.
             Slain by Crazy Yiuf (10 damage)
             ... on level 2 of the Dungeon.
             The game lasted 00:02:01 (2022 turns).

KristoblXynda the Slasher (Draconian Gladiator)     Turns: 2022, Time: 00:02:02

Health: 0/30       AC:  6    Str: 17    XL:     3   Next: 58%
Magic:  0/3        EV: 12    Int:  8    God:
Gold:   84         SH:  0    Dex: 12    Spells: 2/2 levels left

rFire   + . .      SeeInvis .   k - +4 dagger (freeze)
rCold   . . .      Faith    .   (no shield)
rNeg    . . .      Spirit   .   (armour unavailable)
rPois   .          Reflect  .   b - +0 hat
rElec   .          Harm     .   (no cloak)
rCorr   .          Rampage  .   f - +0 pair of gloves
Will    .....                   (no boots)
Stlth   +.........              (no amulet)
HPRegen 0.10/turn               d - ring of protection from fire
MPRegen 0.08/turn               (no ring)

@: mighty
A: AC +5, unfitting armour, cold-blooded
a: no special abilities


You were on level 2 of the Dungeon.
You visited 1 branch of the dungeon, and saw 2 of its levels.

You collected 84 gold pieces.

Inventory:

Hand Weapons
 a - a +0 long sword
 k - a +4 dagger of freezing (weapon)
Missiles
 c - 3 throwing nets (quivered)
Armour
 b - a +0 hat (worn)
 f - a +0 pair of gloves (worn)
 l - a +0 buckler
Jewellery
 d - a ring of protection from fire (left hand)
 j - a ring of ice
Scrolls
 g - a scroll of amnesia {unknown}
 i - a scroll of fear {unknown}
Potions
 e - a potion of heal wounds {unknown}
 h - a potion of curing {unknown}


   Skills:
 + Level 2.9 Fighting
 * Level 3.7 Long Blades
 - Level 2.0 Throwing
 + Level 3.1 Dodging


You had 2 spell levels left.
You didn't know any spells.
Your spell library contained the following spells:

 Spells                   Type           Power      Damage    Failure   Level
 Corpse Rot               Necr/Air       N/A        N/A       54%         2
 Poisonous Vapours        Pois/Air       0%         N/A       54%         2
 Gell's Gravitas          Tloc           0%         N/A       78%         3
 Lesser Beckoning         Tloc           0%         N/A       78%         3
 Teleport Other           Tloc           0%         N/A       78%         3


Dungeon Overview and Level Annotations

Branches:
Dungeon (2/15)

Altars:

Annotations:
D:2 Crazy Yiuf


Innate Abilities, Weirdness & Mutations

Your plain brown scales are hard. (AC +5)
You cannot fit into any form of body armour.
You are cold-blooded and may be slowed by cold attacks.


Message History

There is an open door here.
There is an open door here.
Crazy Yiuf shouts!
Crazy Yiuf whimpers, "Walk!
Spliff sow down."
Could not explore, unopened runed door.
No reachable target in view!
No reachable target in view!
Okay, then.
There is an open door here.
There is an open door here.
There is an open door here.
You see here a staff of air.
There is an open door here.
Things that are here:
a +0 dagger; 3 stones; a kobold corpse
There is an open door here.
There is an open door here.
You open the door.
There is an open door here.
You see here a +0 buckler.
l - a +0 buckler You see here a +0 hand axe.
There is an open door here.
Okay, then.
Crazy Yiuf says, "Castle senile senile!"
You open the door.
Crazy Yiuf cries, "Trifle senile disdain!"
You hit Crazy Yiuf. You freeze Crazy Yiuf.
You tail-slap Crazy Yiuf, but do no damage.
Crazy Yiuf is moderately wounded.
Crazy Yiuf hits you with a +4 quarterstaff of chaos!
You feel very mighty all of a sudden.
You puncture Crazy Yiuf! You freeze Crazy Yiuf.
Crazy Yiuf is severely wounded.
Crazy Yiuf hits you with a +4 quarterstaff of chaos!
You feel your power leaking away.
You closely miss Crazy Yiuf.
Crazy Yiuf is severely wounded.
Crazy Yiuf hits you with a +4 quarterstaff of chaos!
You die...

#.##.###..#######.#######...##
#..........................##
#.......#.........########.#
#.##.############## #.#
#.##.## ##'## #.#...# ##...##
#.#.### ### ♣♣####.....# #
#...### #)..#♣♣ ♣♣P..........
####.....#
#...g@♣♣♣♣PP..........
'........#
#...#♣..♣.P♣..........
####....## ###
♣♣♣.♣............ # ##....#
♣♣♣♣♣###....... ###.##
##.....# #.# #### ##...## #.#
#..# ##'## #.# #.## #.### #.#
#.# ########.#.#


You could see Crazy Yiuf.

Vanquished Creatures
  An adder (D:2)
  2 worms (D:2)
  3 bats (D:1)
  5 endoplasms
  4 giant cockroaches (D:2)
  A hobgoblin (D:2)
  2 jackals (D:1)
  6 kobolds
  2 quokkas (D:2)
  A frilled lizard (D:1)
  6 rats
33 creatures vanquished.

Vanquished Creatures (others)
  A fungus (D:2)
1 creature vanquished.

Grand Total: 34 creatures vanquished

Notes
Turn   | Place    | Note
-------+----------+-------------------------------------------
     0 | D:1      | KristoblXynda the Draconian Gladiator began the quest for
                  | the Orb.
     0 | D:1      | Reached XP level 1. HP: 17/17 MP: 1/1
   463 | D:1      | Reached XP level 2. HP: 25/25 MP: 2/2
   817 | D:2      | Found a runed translucent door.
   818 | D:2      | Noticed Crazy Yiuf
  1335 | D:2      | Reached XP level 3. HP: 30/30 MP: 3/3
  2022 | D:2      | Slain by Crazy Yiuf

Illustrated notes

Levels and vault maps discovered:
D:1:      dpeg_arrival_more_subterranean_lakeside_camping, layout_loops_ring
D:2:      layout_loops_corners, minmay_pentomino_r2, uniq_crazy_yiuf_cottage

Skill      XL: |  1  2 |
---------------+-------+-----
Throwing       | 2 |  2.0
Dodging        | 3 |  3.1
Fighting       | |  2.9
Long Blades    | |  3.7

Action                   || total
-------------------------++-------
Melee: Long sword        ||    87
       Tailslap          ||    13
       Dagger            ||    16
 Stab: Sleeping          ||     2
Armor: Skin              ||    34
Dodge: Dodged            ||    70

Table legend: (Time is in decaauts)
 A = Elapsed time spent in this place.
 B = Non-inter-level travel time spent in this place.
 C = Inter-level travel time spent in this place.
 D = Time resting spent in this place.
 E = Time spent auto-exploring this place.
 F = Levels seen in this place.
 G = Mean time per level.
                   A        B        C        D        E       F      G
               +--------+--------+--------+--------+--------+-----+--------+
         Total |   2041 |   1843 |    198 |    164 |   1411 |   2 | 1020.5 |
       Dungeon |   2041 |   1843 |    198 |    164 |   1411 |   2 | 1020.5 |
               +--------+--------+--------+--------+--------+-----+--------+

Top non-repeatable levels by time:
     D:2: 1332 daAuts
     D:1: 709 daAuts
